 Dungeon Crawl Stone Soup version 0.31-a0-180-g519b7de00c (webtiles) character file.

Game seed: 4184610751653355909

222 Monkooky the Sneak (level 5, 0/32 HPs)
             Began as an Octopode Delver on June 19, 2023.
             Was a Believer of Hepliaklqana.
             Slain by a lemure (5 damage)
             ... led by Pikel
             ... on level 4 of the Dungeon.
             The game lasted 00:12:19 (2807 turns).

Monkooky the Sneak (Octopode Delver)                Turns: 2807, Time: 00:12:20

Health: 0/32       AC:  1    Str: 12    XL:     5   Next: 99%
Magic:  5/8        EV: 13    Int: 14    God:    Hepliaklqana [**....]
Gold:   286        SH:  0    Dex: 13    Spells: 4/8 levels left

rFire   . . .        n - +1 rapier of the Water Diviner {speed, Will+}
rCold   . . .        (no shield)
rNeg    . . .        (helmet restricted)
rPois   .            t - amulet of the acrobat
rElec   .            h - ring of resist corrosion
rCorr   +            (no ring)
SInv    .            (no ring)
Will    +....        (no ring)
Stlth   ++++         (no ring)
HPRegen 0.25/turn    (no ring)
MPRegen 0.11/turn    (no ring)
                     (no ring)

%: acrobat
@: no status effects
A: reduced essence, almost no armour, amphibious, 8 rings, camouflage 1,
gelatinous body 1, (nimble swimmer 1), tentacles
a: Renounce Religion, Recall Ancestor, Ancestor Identity


You were on level 4 of the Dungeon.
You worshipped Hepliaklqana.
Hepliaklqana was pleased with you.
You visited 1 branch of the dungeon, and saw 5 of its levels.

You collected 286 gold pieces.

Inventory:

Hand Weapons
 n - the +1 rapier of the Water Diviner (weapon) {speed, Will+}
   (You found it on level 2 of the Dungeon)

   Will:      It increases your willpower.
Missiles
 b - 7 poisoned darts
 o - a curare-tipped dart (quivered)
Magical Staves
 p - a staff of conjuration
Jewellery
 h - a ring of resist corrosion (left tentacle)
 t - an amulet of the acrobat (around mantle)
 x - a ring of ice
Wands
 e - a wand of digging (2)
 m - a wand of charming (3)
Scrolls
 a - a scroll of fog
 c - a scroll of amnesia
 d - 2 scrolls of poison
 f - 2 scrolls of teleportation
 i - a scroll of brand weapon
 j - a scroll of silence
 k - a scroll of immolation
 l - 2 scrolls of vulnerability {unknown}
 q - a scroll of noise {unknown}
 s - a scroll of torment {unknown}
 w - a scroll of revelation
Potions
 g - 2 potions of curing {unknown}
 u - a potion of attraction {unknown}
 v - a potion of berserk rage {unknown}


   Skills:
 - Level 3.0 Fighting
 - Level 2.0 Dodging
 - Level 6.6 Stealth
 - Level 2.0 Unarmed Combat
 - Level 2.0 Spellcasting
 - Level 3.2 Translocations
 * Level 3.4 Air Magic


You had 4 spell levels left.
You knew the following spells:

 Your Spells              Type           Power      Damage    Failure   Level
a - Vhi's Electric Charg  Tloc/Air       20%        N/A       19%         3
b - Shock                 Conj/Air       24%        1d4       12%         1

Your spell library contained the following spells:

 Spells                   Type           Power      Damage    Failure   Level
 Arcjolt                  Conj/Air       3%         1d13      97%         5
 Fireball                 Conj/Fire      0%         3d3       100%        5
 Maxwell's Capacitive Co  Air            5%         ∞         100%        8
 Fire Storm               Conj/Fire      0%         6d1       100%        9


Dungeon Overview and Level Annotations

Branches:
Dungeon (5/15)
 Temple: D:4-7

Altars:
Hepliaklqana
Qazlal
Xom

Annotations:
D:4 Blork the orc, Eustachio, Pikel
D:5 Dowan, Duvessa


Innate Abilities, Weirdness & Mutations

Your life essence is reduced to manifest your ancestor. (-10% HP)
You cannot wear most types of armour.
You are amphibious.
You can wear up to eight rings at the same time.
Your skin changes colour to match your surroundings (Stealth+).
Your rubbery body absorbs attacks. (AC +1, EV +1)
((You are camouflaged when in or above water. (Stealth+)))
You have tentacles for arms and can constrict up to eight enemies at once.


Message History

A lemure comes into view.
You closely miss Pikel. You grab Pikel.
Pikel is moderately wounded.
You constrict Pikel, but do no damage.
The lemure hits Imgur-Sin.
Pikel hits you with a +1 whip of freezing!
Pikel freezes you.
The lemure barely misses Imgur-Sin.
Aiming: Charm
Press: ? - help, Shift-Dir - straight line, f/p - Pikel
Aim: Pikel, wielding a +1 whip of freezing and wearing a +0 robe (moderately wounded, constricted by you, very poisoned, slow, chance to affect: 49%)
Okay, then.
Unknown command.
You hit Pikel. You squeeze Pikel, but do no damage.
Pikel is moderately wounded.
You constrict Pikel.
Imgur-Sin blocks the lemure's attack.
Imgur-Sin barely misses the lemure.
Press: ? - help, v - describe, . - travel
Here: Pikel, wielding a +1 whip of freezing and wearing a +0 robe (heavily wounded, constricted by you, very poisoned, slow)
The floor.
Unknown command.
You hit Pikel. You squeeze Pikel, but do no damage.
Pikel is heavily wounded.
You constrict Pikel, but do no damage.
The lemure hits Imgur-Sin but does no damage.
Pikel barely misses you.
Imgur-Sin barely misses the lemure.
Unknown command.
You hit Pikel but do no damage.
Pikel is severely wounded.
You constrict Pikel. The lemure hits you.
Imgur-Sin blocks the lemure's attack.
Unknown command.
You hit Pikel but do no damage. You squeeze Pikel, but do no damage.
Pikel is severely wounded.
You constrict Pikel, but do no damage.
Pikel hits you with a +1 whip of freezing!
* * * LOW HITPOINT WARNING * * *
Pikel freezes you.
* * * LOW HITPOINT WARNING * * *
The lemure barely misses Imgur-Sin.
Imgur-Sin barely misses the lemure.
You release your grip on Pikel.
The lemure attacks as you move away! The lemure hits you.
You die...

#.............#...
#.###.###..##.#... ##
##.###..#######
#.....?........ ..
#...........S.o ...
#.....?........
....###+################
......55................
.....(K@.............[..
...(.5R........<........
........?...............
...............####.....
##....###+###### #.....
#.... #..... #....
#..... #.... #..... .
#.....


You could see the friendly Imgur-Sin the knight, Pikel (very poisoned, slow) and
3 lemures.

Vanquished Creatures
  A black bear (D:2)
  4 adders
  A worm (D:2)
  2 dart slugs
  7 ball pythons
  4 bats
  2 endoplasms (D:1)
  2 giant cockroaches
  4 goblins
  11 hobgoblins
  4 jackals (D:1)
  5 quokkas
  7 frilled lizards
  6 kobolds
  10 rats
70 creatures vanquished.

Vanquished Creatures (collateral kills)
  A lemure (D:4)
  A worm (D:2)
  A dart slug (D:2)
  A ball python (D:2)
  2 endoplasms
  A giant cockroach (D:3)
  A hobgoblin (D:2)
  A kobold (D:2)
  A quokka (D:2)
  A frilled lizard (D:2)
  A rat (D:1)
12 creatures vanquished.

Vanquished Creatures (others)
  An ancestor (D:2)
1 creature vanquished.

Grand Total: 83 creatures vanquished

Notes
Turn   | Place    | Note
-------+----------+-------------------------------------------
     0 | D:5      | Monkooky the Octopode Delver began the quest for the Orb.
     0 | D:5      | Reached XP level 1. HP: 16/16 MP: 1/1
     9 | D:5      | Noticed a hound
    10 | D:5      | Noticed an iguana
   225 | D:5      | Noticed an ice beast
   248 | D:5      | Noticed Duvessa
   248 | D:5      | Noticed Dowan
   254 | D:5      | Found a shimmering altar of Xom.
   255 | D:5      | Found a hazy altar of Hepliaklqana.
   256 | D:5      | Noticed a spectral ugly thing
   256 | D:5      | Noticed an ice beast
   260 | D:5      | Became a worshipper of Hepliaklqana the Forgotten
   346 | D:4      | Noticed Blork the orc
   442 | D:4      | Noticed a lemure
   442 | D:4      | Noticed a lemure
   487 | D:4      | Found a stormy altar of Qazlal.
   508 | D:4      | Noticed Eustachio
   510 | D:4      | Noticed a jelly
   569 | D:1      | Reached skill level 1 in Spellcasting
   581 | D:1      | Reached XP level 2. HP: 10/21 MP: 4/4
   741 | D:1      | Reached skill level 1 in Translocations
   741 | D:1      | Reached skill level 1 in Air Magic
   742 | D:1      | Reached XP level 3. HP: 20/26 MP: 5/5
   811 | D:1      | Learned a level 3 spell: Vhi's Electric Charge
   864 | D:1      | Reached * piety under Hepliaklqana
  1330 | D:2      | Reached XP level 4. HP: 27/27 MP: 6/6
  1337 | D:2      | Noticed a black bear
  1837 | D:2      | Identified the +1 rapier of the Water Diviner {speed,
                  | Will+}
  1872 | D:2      | Killed a black bear
  1873 | D:2      | Reached XP level 5. HP: 30/32 MP: 7/7
  2184 | D:3      | Found a faded altar of an unknown god.
  2193 | D:3      | Reached ** piety under Hepliaklqana
  2194 | D:3      | Remembered your ancestor Imgur-Sin as a knight
  2416 | D:3      | Got the Catalogue of Heated Turbulence
  2636 | D:4      | Killed a lemure
  2714 | D:4      | Learned a level 1 spell: Shock
  2797 | D:4      | Noticed Pikel
  2797 | D:4      | Noticed a lemure
  2802 | D:4      | Noticed a lemure
  2807 | D:4      | Slain by a lemure

Illustrated notes

Levels and vault maps discovered:
D:1:      scummos_arrival_gate, layout_rooms
D:2:      layout_rooms, minmay_circle_x
D:3:      layout_basic, chequers_ecumenical_altar_island,
          kennysheep_generic_room_7
D:4:      layout_gridville, nicolae_qazlal_scattered_showers, uniq_eustachio,
          uniq_pikel, uniq_blork_the_orc
D:5:      layout_basic, regret_index_temple_of_mockery,
          nicolae_overflow_hallway_of_the_gods,
          yredelemnul_forgotten_temple_becter, minmay_misc_feat_square,
          chequers_serial_rivers_small_a, minmay_holes, uniq_duvessa,
          uniq_edmund

Skill      XL: |  1  2  3  4  5 |
---------------+----------------+-----
Spellcasting   | 1 2 |  2.0
Translocations | 1 3 |  3.2
Air Magic      | 1 3 |  3.4
Fighting       | |  3.0
Dodging        | |  2.0
Stealth        | |  6.6
Unarmed Combat | |  2.0

Action                     |  1- 3 |  4- 6 || total
---------------------------+-------+-------++-------
  Melee: Unarmed           |    83 |    29 ||   112
         Constrict         |    23 |    12 ||    35
         Tentacles         |    17 |    14 ||    31
         Punch             |     3 |       ||     3
         Rapier            |       |    32 ||    32
  Throw: Dart              |     2 |    10 ||    12
   Cast: Vhi's Electric Ch |       |     1 ||     1
 Invoke: Recall Ancestor   |     1 |     2 ||     3
         Ancestor Life: Kn |       |     1 ||     1
  Evoke: Wand              |     1 |       ||     1
    Use: Scroll            |     6 |     2 ||     8
         Potion            |     1 |       ||     1
   Stab: Sleeping          |    12 |    15 ||    27
         Distracted        |     1 |       ||     1
 Armour: Skin              |     6 |       ||     6
  Dodge: Dodged            |    48 |    24 ||    72

Table legend: (Time is in decaauts)
 A = Elapsed time spent in this place.
 B = Non-inter-level travel time spent in this place.
 C = Inter-level travel time spent in this place.
 D = Time resting spent in this place.
 E = Time spent auto-exploring this place.
 F = Levels seen in this place.
 G = Mean time per level.
                   A        B        C        D        E       F      G
               +--------+--------+--------+--------+--------+-----+--------+
         Total |   2774 |   2725 |     49 |    464 |   1467 |   5 |  554.8 |
       Dungeon |   2774 |   2725 |     49 |    464 |   1467 |   5 |  554.8 |
               +--------+--------+--------+--------+--------+-----+--------+

Top non-repeatable levels by time:
     D:1: 733 daAuts
     D:2: 706 daAuts
     D:3: 630 daAuts
     D:4: 428 daAuts
     D:5: 276 daAuts
